[Event "Titled Tuesday Blitz March 07 Late 2023"]
[White "Zhu, Jiner"]
[Black "Dzida, Kamil"]
[WhiteFideId "8608059"]
[BlackFideId "21828652"]
[WhiteElo "2384"]
[BlackElo "2139"]
[Result "1-0"]
[Round "05"]
[TimeControl "180+2"]
[Date "2023.03.07"]
[WhiteClock "0:00:10"]
[BlackClock "0:00:02"]

1. e4 e5 2. Nf3 Nc6 3. Bc4 Nf6 4. Ng5 Nxe4 5. Bxf7+ Ke7 6. d3 Nf6 7. Bb3 d5 8. f4 h6 9. fxe5 hxg5 10. exf6+ gxf6 11. O-O Qd6 12. g3 Bh3 13. Re1+ Kd7 14. Nc3 Ne7 15. Qf3 c6 16. Be3 Bg7 17. Re2 Nf5 18. Rae1 Rae8 19. Nxd5 cxd5 20. Ba4+ Kc8 21. Bxe8 Rxe8 22. g4 Nxe3 23. Rxe3 Rxe3 24. Rxe3 Qb6 25. Qxh3 Qxb2 26. Qf1 Qd4 27. Qf5+ Kc7 28. Kf2 Bf8 29. c3 Qb6 30. Qxd5 Qb2+ 31. Kf3 Bd6 32. Qc4+ Kb6 33. Qb3+ Qxb3 34. axb3 Be5 35. d4 Bd6 36. Re6 Kc7 37. Rxf6 b5 38. Rg6 a5 39. Rxg5 Kc6 40. Rg8 a4 41. bxa4 bxa4 42. Ra8 Kb5 43. h4 Bc7 44. g5 Ba5 45. c4+ Kb4 46. Rb8+ Kc3 47. Rb1 Kc2 48. Ra1 Kb3 49. g6 Bc3 50. Rxa4 Bxd4 51. g7 Bxg7 52. Ra7 Bf6 53. h5 Kxc4 54. h6 Kd5 55. h7 Ke5 56. Ra8 Bh8 1-0


[Site "https://www.chess.com"]

[Event "Titled Tuesday Blitz March 07 Late 2023"]
[White "Shohat, Yotam"]
[Black "Pfreundt, Jakob"]
[WhiteFideId "2813955"]
[BlackFideId "12918156"]
[WhiteElo "2226"]
[BlackElo "2318"]
[Result "1-0"]
[Round "05"]
[TimeControl "180+2"]
[Date "2023.03.07"]
[WhiteClock "0:00:06"]
[BlackClock "0:00:01"]

1. e4 e5 2. Nf3 Nf6 3. Nxe5 d6 4. Nf3 Nxe4 5. Qe2 Qe7 6. d3 Nf6 7. Nc3 Bg4 8. Be3 Nc6 9. h3 Be6 10. O-O-O O-O-O 11. g4 Nd5 12. Nxd5 Bxd5 13. c4 Bxf3 14. Qxf3 Ne5 15. Qe4 Nd7 16. Qd4 c5 17. Qf4 Qf6 18. Bg2 Qxf4 19. Bxf4 Be7 20. Rhe1 Ne5 21. Bxe5 dxe5 22. Rxe5 Bd6 23. Re4 Rhe8 24. Rde1 Rxe4 25. Rxe4 g5 26. Kd2 b6 27. Ke2 Kc7 28. h4 h6 29. h5 Rd7 30. Re3 Re7 31. Be4 Bf4 32. Rf3 Rd7 33. Rxf4 gxf4 34. Kf3 Kd6 35. Kxf4 Ke7 36. Ke5 Rd6 37. Bd5 Rd8 38. f4 Rg8 39. Kf5 Rg7 40. g5 Rg8 41. a3 Rd8 42. Ke5 Rd6 43. Kf5 Rd8 44. Kg4 Kf8 45. gxh6 Kg8 46. Kg5 Rd6 47. f5 Rd7 48. Kf6 Rd6+ 49. Ke7 Rxh6 50. Bxf7+ Kg7 51. Bg6 Rh8 52. f6+ Kh6 53. f7 Kg7 54. b4 cxb4 55. axb4 a5 56. bxa5 bxa5 57. c5 a4 58. d4 a3 59. Bb1 Rb8 60. Ba2 Rb7+ 61. Ke8 Rb8+ 62. Kd7 Rb7+ 63. Kd8 Rxf7 64. h6+ Kg6 65. c6 Rh7 66. c7 Rh8+ 67. Kd7 Rh7+ 68. Kc6 Rxh6 69. d5 Kg5+ 70. d6 Rh2 71. d7 Rxa2 72. d8=Q+ Kf5 73. Qd7+ 1-0


[Site "https://www.chess.com"]

[Event "Titled Tuesday Blitz March 07 Late 2023"]
[White "Koutlas, Nikolaos"]
[Black "Hjartarson, Johann"]
[WhiteFideId "25827138"]
[BlackFideId "2300044"]
[WhiteElo "2215"]
[BlackElo "2416"]
[Result "1-0"]
[Round "05"]
[TimeControl "180+2"]
[Date "2023.03.07"]
[WhiteClock "0:00:45"]
[BlackClock "0:01:03"]

1. c4 e5 2. Nc3 Nf6 3. Nf3 Nc6 4. g3 d5 5. cxd5 Nxd5 6. Bg2 Nb6 7. O-O Be7 8. a3 O-O 9. b4 Be6 10. Bb2 f6 11. Rc1 a5 12. b5 Nd4 13. Nxd4 exd4 14. Ne4 Bd5 15. d3 f5 16. Nd2 Bxg2 17. Kxg2 Qd5+ 18. Nf3 Qxb5 19. Bxd4 c5 20. Ba1 a4 21. Qc2 f4 22. Rb1 Qc6 23. Qb2 Rf7 24. Qxb6 fxg3 25. Qxc6 bxc6 26. hxg3 c4 27. Ne5 1-0


[Site "https://www.chess.com"]

[Event "Titled Tuesday Blitz March 07 Late 2023"]
[White "Ashraf, Artin"]
[Black "Brozyna, Mateusz"]
[WhiteFideId "22514805"]
[BlackFideId "21816140"]
[WhiteElo "2188"]
[BlackElo "2189"]
[Result "0-1"]
[Round "05"]
[TimeControl "180+2"]
[Date "2023.03.07"]
[WhiteClock "0:00:16"]
[BlackClock "0:00:12"]

1. Nf3 Nf6 2. g3 g6 3. Bg2 Bg7 4. O-O O-O 5. c4 d6 6. Nc3 Nc6 7. d3 e5 8. Rb1 a5 9. a3 Re8 10. Ne1 Be6 11. e4 Nd4 12. Nc2 c5 13. Nxd4 cxd4 14. Ne2 a4 15. b4 axb3 16. Qxb3 Nd7 17. f4 Nc5 18. Qc2 Bd7 19. Qd2 Qa5 20. Rb4 Bc6 21. f5 Na6 22. g4 Nxb4 23. axb4 Qa2 24. Qe1 Qc2 25. Rf3 Ra1 26. b5 Bxb5 27. cxb5 Rc8 28. Rf1 Qxd3 29. Qf2 f6 30. g5 Rc2 31. fxg6 Qxe2 32. Qxe2 Rxe2 33. gxf6 Bxf6 34. Rxf6 Rxc1+ 35. Bf1 hxg6 36. Rxd6 Ree1 37. Rf6 Kg7 38. Rf2 Rxf1+ 39. Rxf1 Rxf1+ 40. Kxf1 Kf6 41. Ke2 Kg5 42. Kd3 Kh4 43. b6 Kh3 44. Kc4 Kxh2 45. Kc5 d3 46. Kd6 d2 47. Kc7 d1=Q 48. Kxb7 Qd4 0-1


[Site "https://www.chess.com"]

[Event "Titled Tuesday Blitz March 07 Late 2023"]
[White "Lewicki, Miroslaw"]
[Black "Gasparyan, David"]
[WhiteFideId "1113380"]
[BlackFideId "13311980"]
[WhiteElo "2212"]
[BlackElo "2437"]
[Result "0-1"]
[Round "05"]
[TimeControl "180+2"]
[Date "2023.03.07"]
[WhiteClock "0:00:13"]
[BlackClock "0:01:16"]

1. e4 d6 2. Nf3 Nc6 3. Nc3 e5 4. Be2 g6 5. O-O Bg7 6. d3 Nge7 7. Re1 O-O 8. Bf1 h6 9. Nd5 Nxd5 10. exd5 Ne7 11. c4 f5 12. Rb1 a5 13. b3 g5 14. Bb2 Ng6 15. Rc1 g4 16. Nd2 b6 17. Nb1 f4 18. Nc3 Qf6 19. Ne4 Qf7 20. d4 Bf5 21. dxe5 Nxe5 22. Qd2 Qg6 23. Qxf4 Nf3+ 24. gxf3 Bxb2 25. Rcd1 Be5 26. Qe3 gxf3+ 27. Ng3 Rae8 28. Qxf3 Bg4 29. Qd3 Qf6 30. Rd2 Bxg3 31. Qxg3 Rxe1 32. Qxg4+ Kh8 33. Qh3 Rg8+ 34. Kh1 Qf3+ 35. Qxf3 Rxf1# 0-1


[Site "https://www.chess.com"]

[Event "Titled Tuesday Blitz March 07 Late 2023"]
[White "Kraus, Tomas"]
[Black "Di Berardino, Diego Rafael"]
[WhiteFideId "331708"]
[BlackFideId "2105446"]
[WhiteElo "2389"]
[BlackElo "2432"]
[Result "0-1"]
[Round "05"]
[TimeControl "180+2"]
[Date "2023.03.07"]
[WhiteClock "0:00:01"]
[BlackClock "0:00:09"]

1. e4 Nf6 2. e5 Nd5 3. Nc3 Nxc3 4. dxc3 d6 5. Nf3 g6 6. Bc4 Bg7 7. exd6 cxd6 8. O-O O-O 9. Be3 Nc6 10. Qd2 b6 11. Bh6 Bb7 12. Bxg7 Kxg7 13. Nd4 d5 14. Bb3 Na5 15. Qg5 e6 16. Qe3 Qf6 17. f4 Rfd8 18. Rae1 Nc4 19. Bxc4 dxc4 20. Qe5 Rac8 21. Qxf6+ Kxf6 22. Re5 Rc5 23. h4 Rxe5 24. fxe5+ Ke7 25. Re1 Rd5 26. Kf2 b5 27. a3 a5 28. Kg3 b4 29. axb4 axb4 30. Ra1 bxc3 31. bxc3 Rd7 32. Ra7 f6 33. exf6+ Kxf6 34. Kf2 e5 35. Nf3 Re7 36. Ng5 Bd5 37. Rxe7 Kxe7 38. g3 h6 39. Nh3 Kf6 40. Ke3 Kf5 41. Nf2 Bg2 42. g4+ Ke6 43. Ne4 Bxe4 44. Kxe4 Kd6 0-1


[Site "https://www.chess.com"]

[Event "Titled Tuesday Blitz March 07 Late 2023"]
[White "Almeida Quintana, Omar"]
[Black "Marczuk, Dominik"]
[WhiteFideId "3503313"]
[BlackFideId "1111264"]
[WhiteElo "2530"]
[BlackElo "2174"]
[Result "0-1"]
[Round "05"]
[TimeControl "180+2"]
[Date "2023.03.07"]
[WhiteClock "0:00:12"]
[BlackClock "0:00:05"]

1. d4 Nf6 2. c4 g6 3. Nc3 Bg7 4. e4 d6 5. h3 O-O 6. Be3 e5 7. d5 Nbd7 8. g4 Nc5 9. Qc2 a5 10. Nge2 c6 11. Ng3 cxd5 12. exd5 Ne8 13. g5 f5 14. gxf6 Nxf6 15. O-O-O a4 16. Kb1 Kh8 17. Be2 b6 18. f3 Qe7 19. h4 Nh5 20. Nxh5 gxh5 21. Ne4 Bf5 22. Rdg1 Bg6 23. Rxg6 hxg6 24. Nxc5 bxc5 25. Qxg6 Qf7 26. Qxd6 Qf5+ 27. Kc1 a3 28. b3 e4 29. f4 Rad8 30. Qxc5 Qf6 31. Kd2 Qc3+ 32. Kd1 Qa1+ 33. Bc1 Qxa2 34. Qb6 Rb8 35. Qg6 Qxb3+ 36. Ke1 Qc3+ 37. Bd2 Rb1+ 38. Bd1 Rxd1+ 39. Kxd1 Qf3+ 40. Kc2 Qxh1 41. Qxh5+ Kg8 42. d6 a2 43. Qd5+ Kh7 44. Qh5+ Bh6 45. Bc3 Qg2+ 46. Kb3 Rb8+ 47. Ka4 Qc2+ 48. Ka5 Qxc3+ 0-1


[Site "https://www.chess.com"]

[Event "Titled Tuesday Blitz March 07 Late 2023"]
[White "Elissalt Cardenas, Hector"]
[Black "Petukhov, Dmitry"]
[WhiteFideId "3500632"]
[BlackFideId "4142748"]
[WhiteElo "2202"]
[BlackElo "2311"]
[Result "1-0"]
[Round "05"]
[TimeControl "180+2"]
[Date "2023.03.07"]
[WhiteClock "0:00:03"]
[BlackClock "0:00:04"]

1. d4 Nf6 2. c4 g6 3. Nc3 d5 4. cxd5 Nxd5 5. Bd2 Bg7 6. e4 Nxc3 7. Bxc3 O-O 8. Qd2 c5 9. d5 e6 10. Bc4 exd5 11. Bxd5 Nd7 12. Bxg7 Kxg7 13. Ne2 Nf6 14. Nc3 Be6 15. O-O-O Bxd5 16. exd5 Qd6 17. f3 Rfe8 18. g4 Rad8 19. h4 Qe5 20. h5 Qe3 21. h6+ Kf8 22. Kc2 c4 23. g5 Nh5 24. Qh2 Qxg5 25. Rhe1 Rxe1 26. Rxe1 Nf4 27. Ne4 Qf5 28. Rd1 Nxd5 29. Kb1 Rd7 30. Qb8+ Ke7 31. Re1 c3 32. bxc3 Nxc3+ 33. Ka1 Nxe4 34. Rxe4+ Kf6 35. Qh8+ Kg5 36. Re5 Rd1+ 37. Kb2 Rb1+ 38. Ka3 Rb6 39. Rxf5+ Kxf5 40. Qxh7 Kg5 41. Qg7 1-0


[Site "https://www.chess.com"]

[Event "Titled Tuesday Blitz March 07 Late 2023"]
[White "Lewtak, Damian"]
[Black "Beukes, Dante M"]
[WhiteFideId "1141724"]
[BlackFideId "15200540"]
[WhiteElo "2302"]
[BlackElo "2199"]
[Result "1-0"]
[Round "05"]
[TimeControl "180+2"]
[Date "2023.03.07"]
[WhiteClock "0:00:13"]
[BlackClock "0:00:04"]

1. e4 c5 2. Nf3 d6 3. Bb5+ Bd7 4. Bxd7+ Nxd7 5. O-O Ngf6 6. Qe2 Rc8 7. c3 e6 8. d4 cxd4 9. cxd4 d5 10. e5 Ng8 11. Nc3 a6 12. Bg5 Ne7 13. Rfc1 h6 14. Bf4 Nf5 15. g4 Nh4 16. Nxh4 Qxh4 17. Bg3 Qd8 18. Kg2 Be7 19. h4 Bxh4 20. Bxh4 Qxh4 21. Nxd5 O-O 22. Ne3 Nb6 23. Qf3 Qe7 24. Qe4 Rfd8 25. Rh1 Nd5 26. Rac1 Qg5 27. Rxc8 Rxc8 28. Nxd5 exd5 29. Qe2 Qf4 30. Rd1 Rc4 31. Qf3 Rxd4 32. Qxf4 Rxf4 33. Kg3 Re4 34. Rxd5 Re2 35. Rd8+ Kh7 36. Rd7 Rxe5 37. Rxb7 Kg6 38. Rb6+ f6 39. Rxa6 Re2 40. Rb6 Rd2 41. a4 Rd3+ 42. f3 h5 43. gxh5+ Kxh5 44. a5 Rd5 45. b4 Rd1 46. a6 Ra1 47. b5 Kg5 48. Rb7 g6 49. a7 1-0


[Site "https://www.chess.com"]

[Event "Titled Tuesday Blitz March 07 Late 2023"]
[White "Hoffmann, Asa"]
[Black "Mustafayev, Farid"]
[WhiteFideId "2001470"]
[BlackFideId "13408771"]
[WhiteElo "2117"]
[BlackElo "2269"]
[Result "0-1"]
[Round "05"]
[TimeControl "180+2"]
[Date "2023.03.07"]
[WhiteClock "0:00:11"]
[BlackClock "0:00:44"]

1. d4 d6 2. e4 Nd7 3. Nc3 g6 4. Be3 Bg7 5. Qd2 c5 6. Nge2 cxd4 7. Nxd4 a6 8. O-O-O Ngf6 9. f3 h5 10. h4 Ne5 11. Be2 Qc7 12. Kb1 Nc4 13. Bxc4 Qxc4 14. Bg5 b5 15. e5 dxe5 16. Ndxb5 O-O 17. Na3 Qc6 18. Nd5 Nxd5 19. Qxd5 Qxd5 20. Rxd5 Be6 21. Ra5 Rfb8 22. Bxe7 e4 23. b3 Rb7 24. Bc5 exf3 25. gxf3 Rc8 26. Rd1 Bc3 27. b4 Rxc5 28. Rxc5 Bxb4 29. Rb5 axb5 0-1


[Site "https://www.chess.com"]

[Event "Titled Tuesday Blitz March 07 Late 2023"]
[White "Gerzhoy, Leonid"]
[Black "Topalov, Aleksandar"]
[WhiteFideId "2806126"]
[BlackFideId "925659"]
[WhiteElo "2597"]
[BlackElo "2151"]
[Result "1-0"]
[Round "05"]
[TimeControl "180+2"]
[Date "2023.03.07"]
[WhiteClock "0:00:24"]
[BlackClock "0:00:07"]

1. d4 Nf6 2. Nf3 g6 3. Bg5 Bg7 4. Nbd2 d6 5. e4 O-O 6. c3 c5 7. d5 e6 8. dxe6 Bxe6 9. Be2 Nc6 10. O-O h6 11. Bh4 g5 12. Bg3 Nh5 13. Nc4 Nxg3 14. hxg3 d5 15. exd5 Bxd5 16. Ne3 Be6 17. Bc4 Bxc4 18. Nxc4 b5 19. Nd6 b4 20. Nf5 bxc3 21. bxc3 Qf6 22. Nxg7 Kxg7 23. Qd5 Rfc8 24. Qxc5 Ne7 25. Qb5 Rxc3 26. Rac1 Rac8 27. Rxc3 Rxc3 28. Re1 Ng6 29. Qa4 Rc7 30. Qd4 Qxd4 31. Nxd4 Kf6 32. Nb5 Rb7 33. Nd6 Rb2 34. a4 g4 35. f4 gxf3 36. gxf3 h5 37. Ne4+ Kg7 38. Ng5 h4 39. gxh4 Nxh4 40. Re4 Rg2+ 41. Kf1 Rxg5 42. Rxh4 Rc5 43. Kf2 Rc2+ 44. Kg3 Ra2 45. Rc4 Kf6 46. Kf4 Ke6 47. Rc6+ Kd5 48. Ra6 f6 49. Rxa7 Ra3 50. a5 Kc5 51. a6 Kd6 52. Ra8 Kc7 53. a7 Kb7 54. Rf8 Kxa7 55. Rxf6 Kb7 56. Rd6 Kc7 57. Rd1 Ra2 58. Kf5 Ra1 59. Rxa1 1-0


[Site "https://www.chess.com"]

[Event "Titled Tuesday Blitz March 07 Late 2023"]
[White "Karttunen, Mika"]
[Black "Chan, Kim Yew"]
[WhiteFideId "502081"]
[BlackFideId "5717981"]
[WhiteElo "2396"]
[BlackElo "2206"]
[Result "1/2-1/2"]
[Round "05"]
[TimeControl "180+2"]
[Date "2023.03.07"]
[WhiteClock "0:00:11"]
[BlackClock "0:00:08"]

1. d4 Nf6 2. c4 e6 3. Nf3 b6 4. g3 Bb7 5. Bg2 Bb4+ 6. Bd2 a5 7. O-O O-O 8. Nc3 Ne4 9. Nxe4 Bxe4 10. Bf4 Be7 11. d5 d6 12. dxe6 fxe6 13. Nd4 Bxg2 14. Kxg2 Qc8 15. Bd2 Bf6 16. Bc3 Qb7+ 17. f3 Bxd4 18. Qxd4 e5 19. Qg4 Qc8 20. Qe4 Nd7 21. b3 Nc5 22. Qd5+ Kh8 23. f4 exf4 24. Rxf4 Rxf4 25. gxf4 Qg4+ 26. Kh1 Rg8 27. e3 Qe2 28. Bd4 Qc2 29. Rg1 Qe4+ 30. Qxe4 Nxe4 31. Rg2 h6 32. h4 Kh7 33. h5 g6 34. hxg6+ Rxg6 35. Kh2 Rxg2+ 36. Kxg2 Kg6 37. Kf3 Kf5 38. Bg7 h5 39. Bd4 Nd2+ 40. Ke2 Ne4 41. Kf3 Nd2+ 42. Ke2 Ne4 43. Kf3 1/2-1/2


[Site "https://www.chess.com"]

[Event "Titled Tuesday Blitz March 07 Late 2023"]
[White "Vaglio Munoz, Jaime"]
[Black "Jimenez Almeida, Luis David"]
[WhiteFideId "6500145"]
[BlackFideId "22242244"]
[WhiteElo "2199"]
[BlackElo "2245"]
[Result "1-0"]
[Round "05"]
[TimeControl "180+2"]
[Date "2023.03.07"]
[WhiteClock "0:00:05"]
[BlackClock "0:00:03"]

1. Nf3 g6 2. e4 Bg7 3. d4 c6 4. c4 Na6 5. Nc3 d6 6. h3 Nf6 7. g4 Nc7 8. Be3 h5 9. g5 Nd7 10. Qc2 e5 11. O-O-O Qe7 12. Kb1 a5 13. d5 c5 14. Qa4 O-O 15. Nd2 Nb6 16. Qb3 Ra6 17. a4 Bd7 18. Be2 Qe8 19. Nb5 Nxb5 20. cxb5 Ra8 21. h4 Rc8 22. Bc4 Kh7 23. Rdg1 f5 24. gxf6 Bxf6 25. Nf3 Bg4 26. Rxg4 hxg4 27. Nh2 Bxh4 28. Nxg4 Qe7 29. Be2 g5 30. Nh2 Kg7 31. Bg4 Rc7 32. Nf3 Nd7 33. Bf5 Rxf5 34. exf5 e4 35. Qc3+ Ne5 36. Nd2 Qf6 37. Nxe4 Qxf5 38. Qc2 Qf3 39. Rg1 Rf7 40. Nxd6 Rf6 41. Ne4 Rg6 42. Ng3 Bxg3 43. Rxg3 Qf6 44. Qc3 g4 45. Ka2 Qf5 46. Bxc5 Kf7 47. Bd4 Nd7 48. Qc4 Qe4 49. Rc3 Rd6 50. Be3 Qxd5 51. Qxd5+ Rxd5 52. Rc4 Ke6 53. Rxg4 Ne5 54. Rg7 Rd3 55. Rxb7 Kd5 56. Rb6 Nc4 57. Rc6 Ne5 58. Rc5+ Ke4 59. b6 Rd7 60. Rc7 Rd8 61. b7 Ra8 62. bxa8=Q+ 1-0


[Site "https://www.chess.com"]

[Event "Titled Tuesday Blitz March 07 Late 2023"]
[White "Blomqvist, Erik"]
[Black "ArtemDyachuk"]
[WhiteFideId "1709437"]
[WhiteElo "2436"]
[BlackElo "2400"]
[Result "1-0"]
[Round "05"]
[TimeControl "180+2"]
[Date "2023.03.07"]
[WhiteClock "0:00:43"]
[BlackClock "0:00:01"]

1. e4 c5 2. Nf3 d6 3. d4 cxd4 4. Qxd4 Nf6 5. Be2 Nc6 6. Qe3 g6 7. O-O Bg7 8. Rd1 O-O 9. h3 Be6 10. Nc3 Rc8 11. a4 Nb4 12. Ne1 Nd7 13. a5 Rc5 14. Ra4 Nc6 15. a6 bxa6 16. Rxa6 Nde5 17. Nd5 Bxd5 18. exd5 Nb4 19. Rxa7 Nxd5 20. Qb3 Nc6 21. Ra4 Nc7 22. Be3 Ne6 23. Bg4 Na5 24. Qa2 Nb7 25. Bxe6 fxe6 26. Bxc5 Nxc5 27. Ra7 Qb6 28. Rxe7 d5 29. Nf3 Bf6 30. Qa7 Qxa7 31. Rxa7 Bxb2 32. Rb1 Bf6 33. Rb6 Ne4 34. Rxe6 Bg7 35. Ree7 1-0


[Site "https://www.chess.com"]

[Event "Titled Tuesday Blitz March 07 Late 2023"]
[White "Kaganskiy, Gleb"]
[Black "Musovic, Armin"]
[WhiteFideId "4132025"]
[BlackFideId "939935"]
[WhiteElo "2165"]
[BlackElo "2321"]
[Result "1-0"]
[Round "05"]
[TimeControl "180+2"]
[Date "2023.03.07"]
[WhiteClock "0:00:32"]
[BlackClock "0:01:29"]

1. e4 c6 2. d4 d5 3. e5 c5 4. c3 cxd4 5. cxd4 Nc6 6. Nc3 a6 7. f4 Nh6 8. Nf3 Bg4 9. h3 Bxf3 10. Qxf3 Nxd4 11. Qd1 Nc6 12. Qxd5 e6 13. Qxd8+ Rxd8 14. Be3 Nf5 15. Bf2 Nb4 16. Rc1 Be7 17. a3 Nd3+ 18. Bxd3 Rxd3 19. Ke2 Rd8 20. Rhd1 O-O 21. g4 Nh4 22. Bxh4 Bxh4 23. g5 f6 24. Rxd8 Rxd8 25. Ne4 fxe5 26. fxe5 Rd5 27. Rc7 Rxe5 28. Kf3 Bxg5 29. Nxg5 Rxg5 30. Rxb7 h5 31. Rb6 Rb5 32. Rxb5 axb5 33. h4 Kf7 34. b3 g5 35. hxg5 e5 36. a4 bxa4 37. bxa4 h4 38. a5 h3 39. Kg3 e4 40. Kxh3 e3 41. Kg3 e2 42. Kf2 1-0


[Site "https://www.chess.com"]

[Event "Titled Tuesday Blitz March 07 Late 2023"]
[White "Filgueira, Hernan"]
[Black "Harriott, Tyrell"]
[WhiteFideId "101770"]
[BlackFideId "2086484"]
[WhiteElo "2363"]
[BlackElo "2107"]
[Result "1/2-1/2"]
[Round "05"]
[TimeControl "180+2"]
[Date "2023.03.07"]
[WhiteClock "0:00:11"]
[BlackClock "0:00:06"]

1. c4 e6 2. Nc3 d5 3. d4 c6 4. e3 Bd6 5. Bd3 f5 6. Nge2 Nf6 7. f3 Nh5 8. Qc2 Qh4+ 9. g3 Nxg3 10. Nxg3 Bxg3+ 11. Ke2 Qh3 12. Kd1 Na6 13. a3 O-O 14. Qe2 Nc7 15. Kc2 e5 16. hxg3 Qxh1 17. dxe5 dxc4 18. Bxc4+ Be6 19. Bd2 Qh3 20. Rg1 Rad8 21. Bxe6+ Nxe6 22. f4 Kh8 23. Qf3 Qh2 24. Rg2 Qh1 25. Qe2 Qh6 26. Rh2 Qg6 27. Qh5 Qxh5 28. Rxh5 g6 29. Rh2 Nc5 30. Ne2 Ne4 31. Bc1 c5 32. Rg2 h5 33. Ng1 Rf7 34. Nf3 Rfd7 35. e6 Rd6 36. Ne5 Kg7 37. Nf7 Re8 38. Nxd6 Nxd6 39. Rd2 Rxe6 40. Rd5 b6 41. b3 Ne4 42. Rd7+ Kf8 43. Bb2 Re7 44. Rd8+ Kf7 45. Rh8 Nxg3 46. Rh7+ Ke6 47. Rh6 Kd5 48. Rxg6 Rxe3 49. Be5 Ke4 50. Bb8 a5 51. Rxb6 h4 52. Rh6 Ne2 53. Rxh4 Rf3 54. Rh8 Nxf4 55. Re8+ Kd4 56. Rd8+ Nd5 57. Ba7 Rf2+ 58. Kd1 Ra2 59. Rc8 Kd3 60. Ke1 Ne3 61. Rd8+ Ke4 62. Bxc5 f4 63. Re8+ Kf3 64. Bxe3 fxe3 65. Rf8+ Ke4 66. Re8+ Kd3 67. Rd8+ Kc3 68. b4 a4 69. Rc8+ Kb3 70. b5 Kxa3 71. b6 Rb2 72. Rc3+ Kb4 73. Rxe3 Ka5 74. Ra3 Rxb6 75. Kd1 Rb2 76. Kc1 Rh2 77. Kb1 Kb4 78. Rf3 Rh4 79. Ka2 Rd4 80. Rg3 Rd2+ 81. Kb1 Rd4 82. Ka2 Rc4 83. Kb1 a3 84. Ka2 Rc2+ 85. Kb1 Rc3 86. Rxc3 Kxc3 87. Ka2 Kb4 88. Ka1 Kb3 89. Kb1 Kc3 90. Ka1 Kc2 91. Ka2 Kc1 92. Kxa3 1/2-1/2


[Site "https://www.chess.com"]

[Event "Titled Tuesday Blitz March 07 Late 2023"]
[White "Yano, William Jorge Froes"]
[Black "Danielian, Vardan"]
[WhiteFideId "2112949"]
[BlackFideId "13301594"]
[WhiteElo "2122"]
[BlackElo "2565"]
[Result "1-0"]
[Round "05"]
[TimeControl "180+2"]
[Date "2023.03.07"]
[WhiteClock "0:01:23"]
[BlackClock "0:01:49"]

1. e4 c5 2. Nf3 d6 3. Bb5+ Bd7 4. Bxd7+ Nxd7 5. O-O Ngf6 6. Qe2 e6 7. Rd1 Be7 8. c3 O-O 9. d4 cxd4 10. cxd4 d5 11. e5 Ne4 12. Nbd2 Nxd2 13. Bxd2 Rc8 14. Rac1 Qb6 15. h4 Qa6 16. Qxa6 bxa6 17. Rxc8 Rxc8 18. Rc1 Rxc1+ 19. Bxc1 h5 20. Kf1 Kf8 21. Ke2 Ke8 22. Kd3 Nb8 23. Bd2 Kd7 24. Ng5 Bxg5 25. Bxg5 Nc6 26. Bd2 Kc7 27. f3 g6 28. g4 Kb6 29. gxh5 gxh5 30. b3 Ne7 31. Be1 Ng6 32. Bg3 Kb5 33. Kc3 Ne7 34. Bf2 Nf5 35. a3 a5 36. a4+ Kb6 37. Kd3 Ne7 38. Ke3 Nc6 39. Kf4 Nb4 40. Kg5 Nc2 41. Kxh5 Na1 42. Kg5 Nxb3 43. h5 1-0


[Site "https://www.chess.com"]

[Event "Titled Tuesday Blitz March 07 Late 2023"]
[White "Nunez V, Gustavo Eduardo"]
[Black "Krallis, Christos"]
[WhiteFideId "4403690"]
[BlackFideId "4298896"]
[WhiteElo "2228"]
[BlackElo "2243"]
[Result "0-1"]
[Round "05"]
[TimeControl "180+2"]
[Date "2023.03.07"]
[WhiteClock "0:00:17"]
[BlackClock "0:00:09"]

1. e4 c5 2. Nc3 d6 3. f4 Nc6 4. Nf3 g6 5. Bb5 Bg7 6. a4 Nf6 7. d3 O-O 8. O-O Bg4 9. h3 Bxf3 10. Qxf3 Nd4 11. Qf2 a6 12. Bc4 Rb8 13. a5 Nd7 14. Be3 Nc6 15. f5 Nde5 16. fxg6 hxg6 17. Nd5 e6 18. Nf6+ Bxf6 19. Qxf6 Qxf6 20. Rxf6 Nxc4 21. dxc4 Ne5 22. b3 Nd7 23. Rf2 Rbd8 24. Rb1 Ne5 25. Rbf1 f5 26. Bh6 Rf7 27. exf5 gxf5 28. g3 Rh7 29. Bg5 Rdd7 30. h4 Nf7 31. Bf6 Rh6 32. Bc3 Rg6 33. Kh2 Nh6 34. Re2 Ng4+ 35. Kh3 Rf7 36. Rfe1 e5 37. Rf1 Nh6 38. Ref2 Rfg7 39. Rf3 Kf7 40. Bd2 f4 41. gxf4 Ke8 42. fxe5 dxe5 43. Bxh6 Rxh6 44. Rf5 Re7 45. Re1 Rhe6 46. Re4 Kd7 47. h5 Kd6 48. Rg5 Rf7 49. Kg4 Rf1 50. Rg6 Rg1+ 51. Kf5 Rf1+ 52. Kg5 Rg1+ 53. Kh6 Ke7 54. Re2 Kf7 55. Rf2+ Ke7 56. Kh7 e4 57. Re2 Rh1 58. Rxe6+ Kxe6 59. Rxe4+ Kf5 60. Re7 Rxh5+ 61. Kg7 Rh2 62. Rxb7 Rxc2 63. Kf7 Ke5 64. Ke7 Kd4 65. Kd6 Ra2 66. Rh7 Rxa5 67. Rh4+ Kc3 68. Rh3+ Kb4 69. Kc6 Ra3 70. Rh5 Rxb3 71. Rxc5 a5 72. Kb6 a4 73. Rb5+ Kxc4 74. Rxb3 axb3 75. Kc7 b2 76. Kd6 b1=Q 77. Ke6 Qc2 78. Kf6 Kd4 79. Kg7 Ke5 80. Kh8 Kf6 81. Kg8 Qg2+ 82. Kh8 Qg7# 0-1


[Site "https://www.chess.com"]

[Event "Titled Tuesday Blitz March 07 Late 2023"]
[White "Bogaudinov, Rushan"]
[Black "Martinez Reyes, Pedro Ramon"]
[WhiteFideId "4129288"]
[BlackFideId "3901807"]
[WhiteElo "1949"]
[BlackElo "2340"]
[Result "0-1"]
[Round "05"]
[TimeControl "180+2"]
[Date "2023.03.07"]
[WhiteClock "0:00:04"]
[BlackClock "0:00:33"]

1. e4 c6 2. d4 g6 3. h4 Bg7 4. h5 Nf6 5. h6 Bf8 6. e5 Nd5 7. c4 Nc7 8. Nc3 d6 9. f4 Nba6 10. Nf3 Bg4 11. Be2 e6 12. Ne4 Be7 13. exd6 Bxd6 14. Be3 Bb4+ 15. Kf2 Be7 16. Qb3 Rb8 17. Rad1 b5 18. cxb5 cxb5 19. Ne5 Bxe2 20. Kxe2 Nb4 21. a3 Qd5 22. Qxd5 Nbxd5 23. Nc6 Rb6 24. Rc1 f6 25. g4 Kd7 26. Na5 Ra6 27. Nb3 Rc6 28. Nbc5+ Bxc5 29. Nxc5+ Ke7 30. b4 Rc8 31. Bd2 Ne8 32. g5 f5 33. Nd3 Rxc1 34. Rxc1 Rxc1 35. Bxc1 Kf7 36. Ne5+ Kg8 37. Nc6 a6 38. Bd2 Nd6 39. Nd8 Nc7 40. Kd3 Kf8 41. Nc6 Nc4 42. Bc1 Nd5 43. Nb8 a5 44. bxa5 Nxa5 45. Nd7+ Kg8 46. Nf6+ Kh8 47. Ne8 Kg8 48. Nf6+ Nxf6 49. gxf6 Kf7 50. Kc3 Nc6 51. Be3 Kxf6 52. Kb3 Ke7 53. a4 bxa4+ 54. Kxa4 Kd6 55. Kb5 Ne7 56. Kc4 Nd5 57. Kd3 Nxe3 58. Kxe3 Kc6 59. Kd3 Kd5 60. Ke3 Kc4 61. Kd2 Kxd4 62. Ke2 Ke4 0-1


[Site "https://www.chess.com"]

[Event "Titled Tuesday Blitz March 07 Late 2023"]
[White "Klose, Eli"]
[Black "Kovacs, Klara"]
[WhiteFideId "16242955"]
[BlackFideId "733210"]
[WhiteElo "2544"]
[BlackElo "2179"]
[Result "0-1"]
[Round "05"]
[TimeControl "180+2"]
[Date "2023.03.07"]
[WhiteClock "0:00:05"]
[BlackClock "0:00:33"]

1. e4 e6 2. Nf3 d5 3. e5 c5 4. b4 cxb4 5. a3 bxa3 6. d4 Nc6 7. Bxa3 Bxa3 8. Nxa3 Nge7 9. Bd3 h6 10. c3 a5 11. O-O b6 12. Nb5 O-O 13. Rb1 Ba6 14. Bc2 Na7 15. Bd3 Nxb5 16. Bxb5 Bxb5 17. Rxb5 Qc7 18. Qb3 Rfb8 19. Rb1 Ra6 20. h3 Nc8 21. Rc5 Qd7 22. Qa2 Na7 23. Qe2 Qb7 24. Ne1 a4 25. Rc7 Qxc7 26. Qxa6 b5 27. Nd3 Ra8 28. Nc5 Qc8 29. Qb6 Qb8 30. Qxb8+ Rxb8 31. Nxa4 Kf8 32. Nc5 Ke7 33. Kf1 Nc6 34. Ke2 b4 35. Kd3 Ra8 36. cxb4 Ra3+ 37. Rb3 Nxb4+ 38. Kc3 Rxb3+ 39. Nxb3 Nc6 40. Nc1 f6 41. f4 fxe5 42. fxe5 Kf7 43. Kd3 Kg6 44. Ke3 h5 45. Ne2 Kf5 46. Kf3 h4 47. g4+ hxg3 48. Nxg3+ Kg5 49. Ne2 Kh4 50. Ke3 g5 51. Ng1 Kg3 52. Nf3 g4 53. hxg4 Kxg4 54. Nd2 Ne7 55. Nb3 Nf5+ 56. Kd3 Kf4 57. Nc5 Ng7 58. Kc3 Ke3 59. Nb3 Nf5 60. Nc5 Nxd4 61. Nd7 Ne2+ 62. Kc2 d4 63. Nc5 Nf4 64. Kb3 d3 65. Kc3 d2 66. Kc2 Ke2 0-1


[Site "https://www.chess.com"]